 Dungeon Crawl Stone Soup version 0.29-a0-1052-g6990b1bffc (webtiles) character file.

Game seed: 10318885663806677901

793 Newt the Shooter (level 8, 0/46 HPs)
             Began as a Kobold Arcane Marksman on Aug 16, 2022.
             Was an Initiate of Gozag.
             Slain by a lemure (3 damage)
             ... led by Pikel
             ... on level 5 of the Dungeon on Aug 17, 2022.
             The game lasted 00:17:52 (8661 turns).

Newt the Shooter (Kobold Arcane Marksman)           Turns: 8661, Time: 00:17:52

Health: 0/46       AC:  4    Str: 12    XL:     8   Next: 12%
Magic:  16/18      EV: 16    Int: 15    God:    Gozag
Gold:   354        SH:  0    Dex: 15    Spells: 8/9 levels left

rFire   . . .      SeeInvis .   C - +7 dagger of Melee {speed, Will+ Str+3}
rCold   . . .      Faith    .   (no shield)
rNeg    . . .      Spirit   .   E - +0 leather armour
rPois   .          Reflect  .   (helmet restricted)
rElec   .          Harm     .   G - scarf {shadows}
rCorr   .          Rampage  .   (no gloves)
Will    +....                   B - +0 pair of boots
Stlth   +++.......              (no amulet)
HPRegen 0.15/turn               f - ring of magical power
MPRegen 0.16/turn               x - ring of wizardry

@: lethally poisoned (0 -> -6)
A: small, no large weapons, nightstalker 3, horns 1, talons 1
a: Renounce Religion, Potion Petition, Call Merchant, Bribe Branch


You were on level 5 of the Dungeon.
You worshipped Gozag.
Gozag was aware of your devotion.
You visited 2 branches of the dungeon, and saw 7 of its levels.

You collected 448 gold pieces.
You paid 94 gold pieces to Gozag.

Inventory:

Hand Weapons
 a - a +1 sling
 y - a +0 dagger
 C - the +7 dagger of Melee (weapon) {speed, Will+ Str+3}
   (You found it on level 5 of the Dungeon)

   Attacks with this weapon are significantly faster.
   Str:       It affects your strength (+3).
   Will:      It increases your willpower.
Missiles
 p - 6 boomerangs
Armour
 c - a +0 robe
 j - a +0 cloak
 n - a +2 cloak
 w - a +0 helmet
 B - a +0 pair of boots (worn)
 E - a +0 leather armour (worn)
 G - a scarf of shadows (worn)
Jewellery
 f - a ring of magical power (left hand)
 x - a ring of wizardry (right hand)
 D - a ring of magical power
Wands
 b - a wand of mindburst (18)
Scrolls
 d - a scroll of magic mapping
 g - a scroll of immolation {unknown}
 i - a scroll of blinking
 k - 3 scrolls of butterflies
 l - 2 scrolls of noise
 o - a scroll of torment {unknown}
 q - 5 scrolls of teleportation
 s - 2 scrolls of vulnerability
 v - a scroll of enchant weapon {unknown}
 H - a scroll of identify
Potions
 e - a potion of berserk rage
 h - 5 potions of curing
 m - 2 potions of might
 r - a potion of invisibility
 t - a potion of magic
 u - a potion of ambrosia
 z - a potion of haste {unknown}
 A - 2 potions of mutation
 F - a potion of flight {unknown}
 I - a potion of heal wounds


   Skills:
 - Level 3.0 Fighting
 - Level 5.0 Short Blades
 - Level 0.2 Axes
 - Level 7.0 Ranged Weapons
 - Level 5.0 Dodging
 + Level 2.3 Stealth
 - Level 1.1 Spellcasting
 - Level 4.0 Hexes


You had 8 spell levels left.
You knew the following spells:

 Your Spells              Type           Power      Damage    Failure   Level
a - Slow                  Hex            48%        N/A       2%          1

Your spell library contained the following spells:

 Spells                   Type           Power      Damage    Failure   Level
 Inner Flame              Hex/Fire       6%         N/A       16%         3
 Portal Projectile        Hex/Tloc       12%        N/A       16%         3
 Cause Fear               Hex            6%         N/A       24%         4
 Malign Gateway           Summ/Tloc      0%         N/A       100%        7
 Summon Horrible Things   Summ           0%         N/A       100%        8


Dungeon Overview and Level Annotations

Branches:
Dungeon (6/15)             Temple (1/1) D:5

Altars:
Ashenzari
Cheibriados
Dithmenos
Elyvilon
Fedhas
Gozag
Hepliaklqana
Kikubaaqudgha
Makhleb
Nemelex Xobeh
Okawaru
Qazlal
Ru
Sif Muna
Trog
Uskayaw
Wu Jian
Xom
Yredelemnul
Zin
The Shining One

Shops:
D:4 (

Annotations:
D:3 2 runed translucent doors
D:5 3 runed translucent doors, ytrimaz's ghost, amateur DsTm
D:6 Maggie; Pikel


Innate Abilities, Weirdness & Mutations

You are small and have problems with some larger weapons.
You are completely attuned to the shadows.
You have a pair of small horns on your head.
You have sharp toenails.


Message History

You closely miss the lemure.
The lemure is heavily wounded.
The gnoll closely misses you. The lemure hits you.
The gnoll sergeant hits you from afar with a +2 trident of venom!
You are poisoned.
Unknown command.
You feel very sick. The gnoll hits you but does no damage.
The gnoll sergeant closely misses you. The lemure hits you.
A mysterious force pulls you upwards. The hatch slams shut behind you.
Level annotation: 3 runed translucent doors, ytrimaz's ghost, amateur DsTm You feel very sick.
Unknown command.
You completely miss the lemure.
The lemure is heavily wounded.
You feel sick.
Casting: Slow (safe; 2% risk of failure)
Confirm with . or Enter, or press ? or * to list all spells.
Aiming: Slow (safe; 2% risk of failure)
Press: ? - help, Shift-Dir - straight line, f - lemure
Aim: a lemure (heavily wounded, chance to affect: 50%)
The lemure resists with significant effort.
You feel sick. The lemure hits you.
* * * LOW HITPOINT WARNING * * *
Unknown command.
Casting: Slow (safe; 2% risk of failure)
Confirm with . or Enter, or press ? or * to list all spells.
Aiming: Slow (safe; 2% risk of failure)
Press: ? - help, Shift-Dir - straight line, f/p - lemure
Aim: a lemure (heavily wounded, chance to affect: 50%)
The lemure resists with significant effort.
You feel sick. The lemure hits you!
* * * LOW HITPOINT WARNING * * *
Unknown command.
You hit the lemure.
The lemure is heavily wounded.
* * * LOW HITPOINT WARNING * * *
You feel sick. The lemure hits you.
You die...
Your body crumbles into a pile of gold.

###)##...............#
#...>.
##).#............###
###### ##..#......#...##
##..###.##..#.#
##..##.##.##.##
#.##.........###
#..............## #
####..⌠...⌠..#..# #####
###.....@...##.######....
##(.....5.......##........
#..#.........#.........###
##..#..⌠...⌠..#....######
#...............####
##...#.........###
#....##.##.##.###
##............)..#
#...>..........[.#


You could see a lemure.

Vanquished Creatures
  A black bear (D:5)
  A centaur (D:5)
  A gnoll sergeant (D:5)
  A scorpion (D:4)
  2 hounds (D:5)
  2 gnoll boudas
  2 iguanas (D:5)
  An orc wizard (D:5)
  A mummy (D:4)
  Robin (D:3)
  8 gnolls
  8 adders
  An ufetubus (D:4)
  A worm (D:4)
  2 dart slugs
  13 orcs
  8 bats
  6 endoplasms
  5 giant cockroaches
  14 goblins
  8 hobgoblins
  4 jackals (D:5)
  10 kobolds
  2 quokkas
  17 ball pythons
  2 frilled lizards
  2 hobgoblin zombies (D:4)
  2 kobold zombies (D:4)
  3 rats (D:1)
129 creatures vanquished.

Vanquished Creatures (others)
  2 plants (D:3)
2 creatures vanquished.

Grand Total: 131 creatures vanquished

Notes
Turn   | Place    | Note
-------+----------+-------------------------------------------
     0 | D:1      | Newt the Kobold Arcane Marksman began the quest for the
                  | Orb.
     0 | D:1      | Reached XP level 1. HP: 12/12 MP: 2/2
    45 | D:1      | Reached skill level 1 in Stealth
   277 | D:1      | Reached XP level 2. HP: 12/16 MP: 3/3
   374 | D:1      | Reached skill level 3 in Ranged Weapons
   596 | D:1      | Found a faded altar of an unknown god.
   690 | D:1      | Reached XP level 3. HP: 20/20 MP: 4/4
   860 | D:1      | Reached skill level 4 in Ranged Weapons
  1561 | D:1      | Reached XP level 4. HP: 25/25 MP: 5/5
  1931 | D:1      | Reached skill level 5 in Ranged Weapons
  2173 | D:1      | HP: 1/25 [frozen (5)]
  2818 | D:2      | Identified the +3 ring mail of Oblivion {rPois rCorr Str+3}
  2893 | D:2      | Reached XP level 5. HP: 29/29 MP: 6/6
  2991 | D:2      | Found a shimmering altar of Xom.
  3291 | D:2      | Identified the +9 dagger of Qyagymih {vamp, +Blink rF+++
                  | rC+ MP-9}
  3977 | D:3      | Upgraded the game from 0.29-a0-1047-g7c58e119a4 to
                  | 0.29-a0-1052-g6990b1bffc
  4226 | D:3      | Noticed Robin
  4234 | D:3      | Killed Robin
  4508 | D:3      | Found a bloodstained altar of Trog.
  4510 | D:3      | Found a shadowy altar of Dithmenos.
  4512 | D:3      | Found a white marble altar of Elyvilon.
  4726 | D:3      | Found a large runed translucent door.
  4727 | D:3      | Found a large runed translucent door.
  4999 | D:3      | You fall into a shaft and drop 3 floors!
  5012 | D:5      | Entered Level 5 of the Dungeon
  5015 | D:5      | Identified the +7 dagger of Melee {speed, Will+ Str+3}
  5081 | D:5      | Reached skill level 6 in Ranged Weapons
  5081 | D:5      | Reached XP level 6. HP: 20/34 MP: 7/7
  5415 | D:5      | Reached skill level 7 in Ranged Weapons
  5693 | D:5      | Noticed a black bear
  5743 | D:5      | Reached skill level 1 in Short Blades
  5743 | D:5      | Reached XP level 7. HP: 33/41 MP: 8/8
  5811 | D:5      | Found a runed translucent gate.
  5811 | D:5      | Found a runed translucent gate.
  5811 | D:5      | Found a runed translucent gate.
  5813 | D:5      | Noticed ytrimaz's ghost (amateur DsTm)
  5917 | D:5      | Found a staircase to the Ecumenical Temple.
  6184 | Temple   | Entered the Ecumenical Temple
  6338 | Temple   | Became a worshipper of Gozag Ym Sagoz the Greedy
  6767 | D:4      | Found a sparkling altar of Nemelex Xobeh.
  6801 | D:4      | Reached skill level 5 in Short Blades
  7338 | D:4      | Found Ysutee Xuod's Weapon Shoppe.
  7532 | D:4      | Gained mutation: You have sharp toenails. [potion of
                  | mutation]
  7532 | D:4      | Gained mutation: You have a pair of small horns on your
                  | head. [potion of mutation]
  8033 | D:4      | Reached XP level 8. HP: 34/46 MP: 9/9
  8486 | D:6      | Reached skill level 5 in Dodging
  8646 | D:6      | Noticed Maggie
  8646 | D:6      | Noticed Pikel
  8661 | D:5      | Slain by a lemure

Illustrated notes

Levels and vault maps discovered:
D:1:      dpeg_arrival_more_subterranean_lakeside_camping, layout_loops_ring,
          ebering_ecumenical_altar_webs, dreamdust_wishing_well,
          minmay_pentomino_s4
D:2:      layout_basic, basic_altar
D:3:      layout_loops_corners, gammafunk_temple_overflow_forgotten,
          ebering_ghost_disaster_area, dk_noncrumbling_3, uniq_robin
D:4:      layout_loops_ring, nicolae_overflow_hidden_temple, serial_shops, shop,
          st_stairs_7, minmay_mini_ossuary
D:5:      layout_cave_pods, minmay_temple_entry_large_hall,
          ebering_ghost_rock_garden
D:6:      layout_cave_pools, serial_gnoll_camp, gnoll_camp_mini_basic,
          gnoll_camp_huts_moat, gnoll_camp_mini_house, gnoll_camp_mini_shop,
          gnoll_camp_mini_hut, minmay_small_thing, uniq_pikel, uniq_maggie,
          uniq_duvessa
Temple:   regret_index_temple_mists

Skill      XL: |  1  2  3  4  5  6  7  8 |
---------------+-------------------------+-----
Stealth        | 2 |  2.3
Ranged Weapons | 3 4 5 6 7 |  7.0
Hexes          | 4 |  4.0
Fighting       | 3 |  3.0
Short Blades   | 1 5 |  5.0
Dodging        | 4 5 |  5.0
Axes           | |  0.2
Spellcasting   | |  1.1

Action                   |  1- 3 |  4- 6 |  7- 9 || total
-------------------------+-------+-------+-------++-------
Melee: Dagger            |       |       |   122 ||   122
       Headbutt          |       |       |    11 ||    11
 Fire: Sling             |   110 |   283 |    48 ||   441
 Cast: Slow              |    16 |    39 |    19 ||    74
  Use: Potion            |     1 |     5 |     1 ||     7
       Scroll            |     1 |     3 |     7 ||    11
 Stab: Sleeping          |       |       |     1 ||     1
Armor: Robe              |     5 |    48 |    17 ||    70
       Leather armour    |       |       |     4 ||     4
Dodge: Dodged            |    58 |   198 |    71 ||   327

Table legend: (Time is in decaauts)
 A = Elapsed time spent in this place.
 B = Non-inter-level travel time spent in this place.
 C = Inter-level travel time spent in this place.
 D = Time resting spent in this place.
 E = Time spent auto-exploring this place.
 F = Levels seen in this place.
 G = Mean time per level.
                   A        B        C        D        E       F      G
               +--------+--------+--------+--------+--------+-----+--------+
         Total |   8726 |   8396 |    330 |   2050 |   4773 |   7 | 1246.6 |
       Dungeon |   8499 |   8246 |    253 |   2050 |   4645 |   6 | 1416.5 |
        Temple |    227 |    150 |     77 |      0 |    128 |   1 |  227.0 |
               +--------+--------+--------+--------+--------+-----+--------+

Top non-repeatable levels by time:
     D:1: 2668 daAuts
     D:5: 1782 daAuts
     D:4: 1420 daAuts
     D:2: 1285 daAuts
     D:3: 1108 daAuts
     D:6: 234 daAuts
  Temple: 227 daAuts
